Map: Temple gelé

Players

EJK

  • Race: Terran Terran
  • League: Grandmaster

starkiller - Winner!

  • Race: Zerg Zerg
  • League: Grandmaster

VOD

Have the link to the VOD?

Description

Time

  • Played on: Oct. 11, 2016, 4:14 p.m.
  • Length: 15:56
Show
View Real Time Build Order
Export as new Build Order

EJK Terran 

Build Orders: Reaper Expand 

Get SALT Encoding   

  12  0:00  SCV  
  13  0:13  SCV  
  14  0:17  Supply Depot  
  14  0:26  SCV  
  15  0:39  SCV  
  15  0:40  Barracks  
  16  0:46  Refinery  
  16  0:51  SCV  
  17  1:03  SCV  
  18  1:15  SCV  
  19  1:29  Orbital Command  
  19  1:30  Reaper  
  20  1:42  Command Center  
  20  1:51  Supply Depot  
  20  2:00  SCV  
  20  2:02  Barracks Reactor  
  20  2:12  SCV  
  21  2:24  SCV, Factory  
  22  2:36  SCV  
  23  2:42  Command Center  
  23  2:47  Marine x2  
  23  2:48  SCV  
  26  2:55  Orbital Command  
  26  3:01  SCV  
  27  3:11  Armory  
  31  3:22  SCV x2  
  33  3:27  Refinery  
  33  3:30  Cyclone  
  33  3:32  Marine  
  32  3:34  SCV  
  32  3:39  Hellion  
  35  3:51  Supply Depot x2  
  35  3:55  Supply Depot  
  32  4:03  Cyclone  
  28  4:15  SCV  
  26  4:19  Cyclone  
  26  4:20  Orbital Command, Marine  
  24  4:29  SCV x2  
  21  4:46  SCV  
  21  4:47  SCV x2  
  24  4:53  Hellion x2  
  24  4:59  SCV  
  29  5:00  SCV  
  29  5:06  SCV  
  31  5:16  Supply Depot  
  31  5:17  SCV  
  31  5:19  SCV x2  
  34  5:26  Armory  
  34  5:32  SCV x2  
  34  5:33  SCV  
  42  5:44  Hellion x2  
  42  5:46  SCV x2  
  43  5:54  SCV  
  42  5:58  SCV  
  42  6:01  SCV  
  44  6:06  SCV  
  44  6:09  Hellion x2  
  47  6:19  Barracks Tech Lab  
  47  6:23  Factory  
  47  6:24  SCV  
  47  6:25  SCV  
  43  6:26  Terran Vehicle Weapons Level 1  
  43  6:30  Cyclone  
  46  6:33  Cyclone  
  49  6:40  SCV x2  
  47  6:50  SCV  
  47  6:51  Supply Depot  
  47  6:52  SCV  
  47  7:00  Bunker, SCV  
  48  7:03  SCV  
  48  7:04  SCV  
  50  7:11  Hellion x2  
  50  7:12  SCV  
  50  7:15  SCV  
  56  7:19  Siege Tank  
  56  7:20  Supply Depot  
  59  7:26  Refinery  
  59  7:27  SCV x2, Refinery  
  59  7:29  SCV  
  62  7:30  Bunker  
  62  7:35  Hellion x2  
  66  7:42  SCV x2  
  66  7:43  SCV  
  69  7:44  Supply Depot  
  69  7:47  Supply Depot  
  69  7:52  Siege Tank  
  69  7:57  Hellion x2  
  74  8:01  Barracks Reactor  
  74  8:03  Factory  
  70  8:08  SCV  
  70  8:09  SCV x2  
  73  8:14  Armory  
  73  8:22  Hellion x2  
  73  8:23  SCV x2  
  73  8:24  SCV, Siege Tank  
  81  8:33  Terran Vehicle Weapons Level 2  
  81  8:49  Starport  
  81  8:50  Barracks Reactor  
  81  9:00  Siege Tank  
  81  9:02  Hellion, Cyclone  
  87  9:07  SCV x2  
  85  9:14  Orbital Command  
  85  9:16  Infernal Pre-Igniter  
  85  9:17  Hellion x2  
  85  9:18  Factory  
  85  9:19  SCV x2  
  85  9:23  Hellion  
  93  9:31  SCV  
  94  9:32  SCV  
  94  9:33  Hellion  
  94  9:34  Hellion, Terran Vehicle And Ship Armor Level 1  
  94  9:38  Supply Depot  
  99  9:41  Refinery  
  99  9:42  SCV, Refinery  
  99  9:43  SCV  
  99  9:44  SCV  
  102  9:49  Hellion x2  
  102  9:50  Hellion  
  108  9:52  Barracks Reactor  
  108  9:54  SCV, Starport  
  108  9:56  Supply Depot  
  108  9:57  Supply Depot  
  108  9:59  SCV x2, Siege Tank  
  116  10:00  Hellion  
  116  10:18  Command Center  
  116  10:20  Hellion x4  
  116  10:21  Hellion x2  
  128  10:26  Supply Depot x2  
  128  10:28  Supply Depot  
  128  10:30  Liberator x2  
  128  10:31  Siege Tank  
  131  10:46  Hellion  
  131  10:48  Hellion x3, Cyclone  
  148  10:50  Cyclone  
  148  10:51  Supply Depot  
  149  11:00  Supply Depot  
  149  11:02  Supply Depot  
  149  11:03  Cyclone  
  149  11:04  Supply Depot  
  152  11:07  Hellion  
  154  11:13  Liberator x2, Cyclone x2  
  154  11:16  Hellion  
  162  11:20  Hellion  
  162  11:22  Hellion  
  164  11:29  Hellion  
  162  11:36  Terran Vehicle Weapons Level 3, Siege Tank  
  162  11:38  Hellion  
  167  11:45  Engineering Bay  
  167  11:46  Terran Vehicle And Ship Armor Level 2  
  167  11:49  Hellion  
  167  11:50  Hellion  
  167  11:53  Hellion  
  173  11:54  Refinery x2  
  167  12:03  Cyclone x2  
  173  12:13  Viking x2  
  175  12:23  Planetary Fortress  
  175  12:27  Cyclone x2  
  181  12:30  Hellion  
  181  12:31  Hellion  
  185  12:43  Viking x2  
  189  12:44  Sensor Tower  
  189  12:46  Missile Turret  
  189  13:02  Cyclone x3  
  198  13:08  Missile Turret  
  198  13:16  SCV x2  
  187  13:36  Command Center x2  
  178  13:42  Liberator x2  
  178  13:44  Cyclone x3  
  178  13:45  Hellion x2  
  136  13:49  Hellion  
  136  13:50  Hellion  
  101  14:06  Hellion, Cyclone  
  96  14:10  Cyclone  
  96  14:11  Cyclone  
  86  14:28  Cyclone x3  
  95  14:34  SCV  
  96  14:39  SCV  
  97  14:47  SCV  
  97  14:51  Liberator x2  
  98  14:59  SCV  
  99  15:05  Siege Tank  
  102  15:10  Sensor Tower  
  108  15:21  Hellion  
Show
View Real Time Build Order
Export as new Build Order

starkiller Zerg - Winner!

Build Orders: Pool First 

Get SALT Encoding   

  12  0:01  Drone  
  13  0:15  Overlord  
  13  0:20  Drone  
  14  0:33  Drone x2  
  16  0:37  Drone  
  17  0:45  Spawning Pool  
  17  0:49  Drone  
  17  0:51  Extractor  
  16  0:58  Drone  
  17  1:19  Drone  
  17  1:20  Hatchery  
  17  1:32  Zergling x4  
  19  1:39  Queen  
  21  2:00  Roach Warren  
  20  2:02  Drone  
  20  2:03  Drone  
  22  2:10  Overlord  
  22  2:40  Roach x4  
  22  2:43  Roach  
  32  2:53  Roach  
  32  2:54  Roach  
  32  2:55  Overlord  
  36  3:07  Overlord  
  36  3:12  Queen  
  37  3:22  Drone x4  
  37  3:23  Ravager  
  37  3:24  Ravager  
  42  3:28  Drone  
  43  3:34  Drone x2  
  43  3:39  Drone  
  46  3:58  Drone x5  
  46  4:21  Drone x5  
  48  4:29  Drone  
  48  4:30  Drone  
  50  4:32  Lair  
  50  4:33  Evolution Chamber  
  50  4:34  Evolution Chamber  
  50  4:36  Extractor  
  45  4:41  Drone x2  
  41  4:47  Extractor  
  41  4:48  Extractor  
  41  4:49  Drone  
  41  4:51  Drone  
  41  4:59  Zerg Missile Weapons Level 1, Drone  
  42  5:02  Drone x2  
  42  5:06  Overlord x2  
  44  5:16  Zerg Ground Armor Level 1  
  44  5:17  Overlord  
  44  5:22  Overlord  
  44  5:26  Drone x2  
  44  5:27  Roach x2  
  50  5:29  Roach  
  50  5:30  Roach  
  50  5:31  Roach x2  
  50  5:33  Roach  
  60  5:37  Queen  
  60  5:39  Roach x2  
  66  5:42  Overlord  
  64  5:53  Ravager  
  64  5:56  Roach x3  
  63  6:00  Roach x2  
  63  6:01  Roach  
  65  6:07  Ravager x2  
  65  6:10  Roach  
  64  6:24  Glial Reconstitution  
  61  6:26  Queen  
  61  6:31  Drone  
  61  6:32  Drone  
  65  6:38  Drone x6  
  69  6:44  Hatchery  
  69  6:46  Roach  
  67  6:55  Queen  
  67  6:58  Roach x3  
  75  7:03  Overlord  
  75  7:08  Overlord  
  75  7:10  Zerg Missile Weapons Level 2  
  75  7:12  Ravager  
  76  7:16  Overlord  
  76  7:23  Zerg Ground Armor Level 2  
  76  7:24  Ravager  
  76  7:25  Ravager  
  76  7:27  Roach  
  80  7:31  Roach  
  80  7:33  Roach  
  84  7:39  Drone x4  
  84  7:40  Drone  
  84  7:42  Drone  
  90  7:45  Drone  
  90  7:46  Drone  
  90  7:48  Drone  
  93  7:53  Drone x2  
  93  7:55  Overlord  
  93  7:57  Overlord  
  95  8:10  Drone, Extractor  
  95  8:11  Drone, Extractor  
  95  8:12  Hydralisk Den, Drone  
  95  8:13  Drone  
  95  8:15  Drone x2, Infestation Pit  
  95  8:17  Drone  
  98  8:24  Drone x2  
  98  8:25  Drone  
  98  8:26  Drone  
  102  8:27  Drone  
  102  8:28  Drone x3  
  102  8:30  Drone  
  107  8:44  Muscular Augments  
  107  8:48  Roach x2  
  111  8:51  Hatchery  
  101  9:02  Drone x9  
  106  9:26  Hive  
  106  9:27  Drone x2  
  106  9:28  Overlord  
  106  9:29  Drone x7  
  115  9:31  Hydralisk  
  115  9:33  Hydralisk  
  119  9:42  Hydralisk  
  121  9:46  Overlord  
  121  9:47  Overlord  
  121  9:50  Extractor  
  121  9:51  Extractor  
  119  9:54  Drone x2  
  119  9:55  Drone  
  119  9:57  Overlord  
  119  9:58  Overlord  
  122  10:03  Drone x3  
  122  10:06  Ravager x5  
  130  10:07  Hydralisk x3  
  130  10:09  Hydralisk  
  130  10:11  Hydralisk  
  140  10:14  Hydralisk  
  142  10:24  Spine Crawler  
  142  10:25  Overlord x2, Hydralisk  
  143  10:30  Spine Crawler  
  142  10:37  Zerg Missile Weapons Level 3  
  142  10:41  Zerg Ground Armor Level 3  
  142  10:43  Drone x2  
  142  10:48  Viper  
  142  10:49  Viper  
  150  10:54  Viper  
  150  10:55  Viper  
  156  10:58  Roach x3  
  156  11:00  Hydralisk  
  164  11:12  Overlord x3  
  157  11:27  Roach, Hydralisk  
  156  11:34  Drone x2  
  156  11:35  Drone x3  
  156  11:36  Drone  
  156  11:37  Drone x3  
  156  11:38  Roach, Hydralisk x3  
  156  11:39  Roach x2  
  177  11:40  Roach  
  177  11:43  Queen  
  181  11:47  Pneumatized Carapace  
  181  11:48  Roach  
  181  11:49  Overseer  
  181  11:50  Overlord x2  
  182  11:58  Drone  
  182  12:00  Drone  
  183  12:07  Overlord x2  
  183  12:08  Hydralisk x2  
  183  12:12  Hydralisk  
  183  12:13  Roach x2  
  183  12:14  Ultralisk Cavern  
  192  12:17  Hatchery  
  192  12:18  Roach, Hydralisk  
  192  12:19  Roach  
  197  12:33  Hydralisk  
  199  12:39  Roach x2  
  199  12:55  Hydralisk  
  191  12:59  Hydralisk x5  
  191  13:01  Hydralisk  
  191  13:02  Hydralisk  
  199  13:06  Chitinous Plating  
  199  13:14  Zerg Melee Weapons Level 1  
  199  13:34  Hatchery  
  147  13:53  Roach, Hydralisk x5  
  147  13:54  Roach x4  
  145  13:56  Roach, Hydralisk x4  
  145  13:57  Overlord x2, Roach x3  
  145  13:58  Ultralisk x3  
  170  14:03  Hydralisk  
  170  14:04  Roach x2  
  170  14:05  Viper  
  174  14:12  Viper  
  174  14:14  Hydralisk  
  174  14:16  Viper x2  
  179  14:20  Hydralisk  
  179  14:21  Roach x2  
  179  14:22  Roach  
  193  14:30  Roach, Hydralisk x2  
  199  14:36  Spine Crawler  
  198  14:39  Spine Crawler x2, Extractor  
  198  14:40  Extractor  
  198  14:42  Drone x3  
  198  14:43  Drone x3  
  200  15:09  Overseer  
  197  15:17  Drone  
  197  15:18  Drone x5  
  197  15:19  Drone  
  197  15:23  Hydralisk  
Tags
 
Add a new tag
Caveats
  • Supply blocks, unpowered buildings, or Contaminate may cause inaccurate times.
  • Supply counts are checked every 10 seconds.